 Dungeon Crawl Stone Soup version 0.18.1-47-g9310371 (webtiles) character file.

5484 Peloso the Blocker (level 10, -11/88 HPs)
             Began as a Minotaur Fighter on June 19, 2016.
             Was an Elder of Okawaru.
             Mangled by zervinho's ghost (19 damage)
             ... on level 7 of the Dungeon.
             The game lasted 00:26:24 (10085 turns).

Peloso the Blocker (Minotaur Fighter)              Turns: 10085, Time: 00:26:25

Health: -11/88     AC: 16    Str: 22    XL:     10   Next: 42%
Magic:  10/10      EV:  8    Int:  5    God:    Okawaru [****..]
Gold:   349        SH: 14    Dex: 14    Spells: 0 memorised, 9 levels left

rFire  . . .     SeeInvis +     a - +1 long sword
rCold  . . .     Gourm    .     d - +0 plate armour
rNeg   . . .     Faith    .     c - +1 shield
rPois  +         Spirit   .     (helmet restricted)
rElec  .         Dismiss  .     C - +0 cloak {rPois}
rCorr  .         Reflect  .     (no gloves)
SustAt .         Harm     .     (no boots)
MR     .....                    (no amulet)
Stlth  ..........               A - ring of see invisible
                                H - +2 ring of dexterity

@: not resistant to hostile enchantments, extremely unstealthy
A: retaliatory headbutt, horns 2
a: Heroism, Renounce Religion


You were on level 7 of the Dungeon.
You worshipped Okawaru.
Okawaru was greatly pleased with you.
You were very hungry.

You visited 1 branch of the dungeon, and saw 9 of its levels.

You collected 349 gold pieces.

Inventory:

Hand Weapons
 a - a +1 long sword (weapon)
 e - the +1 war axe "Arphunim" {vamp, *Rage rF+ Str+3, unknown}
   (You found it on level 4 of the Dungeon)

   It inflicts no extra harm, but heals its wielder somewhat when it strikes a
   living foe.
   It affects your strength (+3).
   It protects you from fire.
   It may make you go berserk in combat.
 o - a +2 hand axe of flaming
Armour
 c - a +1 shield (worn)
 d - a +0 plate armour (worn)
 C - a +0 cloak of poison resistance (worn)
 F - a +0 chain mail of cold resistance
Jewellery
 k - an uncursed ring of protection from cold
 s - an uncursed amulet of dismissal
 A - a ring of see invisible (right hand)
 E - an uncursed ring of protection from fire
 H - a +2 ring of dexterity (left hand)
Wands
 i - a wand of enslavement (5/24)
 x - a wand of disintegration (18/24)
 B - a wand of flame (15/48)
Scrolls
 g - 6 scrolls of amnesia
 j - 4 scrolls of teleportation
 l - 3 scrolls of remove curse
 n - 5 scrolls of enchant armour
 t - a scroll of recharging
 w - a scroll of enchant weapon
 y - a scroll of fog
Potions
 h - a potion of resistance
 m - 4 potions of brilliance
 r - a potion of haste
 v - 2 potions of flight
 z - a potion of curing {unknown}
Comestibles
 b - a royal jelly
 f - 6 bread rations
 p - 2 beef jerkies
 q - 2 meat rations
 u - 7 slices of pizza
 D - a fruit


   Skills:
 + Level 7.7 Fighting
 + Level 7.3 Long Blades
 + Level 10.1 Armour
 + Level 5.3 Dodging
 + Level 1.2 Stealth
 + Level 11.2 Shields
 + Level 1.7 Invocations
 + Level 1.0 Evocations


You had 9 spell levels left.
You didn't know any spells.

Dungeon Overview and Level Annotations

Branches:
Dungeon (9/15)
 Temple: D:4-7         Lair: D:8-11         Orc: D:9-12

Altars:
Dithmenos
Elyvilon
Nemelex Xobeh
Okawaru
Pakellas
Qazlal
Sif Muna

Annotations:
D:7 zervinho's ghost, novice FeBe


Innate Abilities, Weirdness & Mutations

You reflexively headbutt those who attack you in melee.
You have a pair of horns on your head.


Message History

Zervinho's ghost hits you but does no damage.
Your plate armour prevents you from hitting zervinho's ghost.
Your headbutt misses zervinho's ghost.
Zervinho's ghost is severely damaged.
Zervinho's ghost hits you.
You closely miss zervinho's ghost. Your headbutt misses zervinho's ghost.
Zervinho's ghost is severely damaged.
You block zervinho's ghost's attack. Zervinho's ghost hits you!!
* * * LOW HITPOINT WARNING * * *
You miss zervinho's ghost.
Zervinho's ghost is severely damaged.
Zervinho's ghost hits you but does no damage.
Zervinho's ghost hits you!
* * * LOW HITPOINT WARNING * * *
Zervinho's ghost screams in joy, "As in life, so in death: Kill!
Kill!!
Kill!!!"
You block zervinho's ghost's attack.
Zervinho's ghost screams in joy, "As in life, so in death: Kill!
Kill!!
Kill!!!"
You block zervinho's ghost's attack. Zervinho's ghost hits you!!
You die...

#.# #.......#.....# #.#
#.............. ...#
#.#######.######### .... #..#
#.# .... ##.# #.# ....#......
#.#### #.## ..##........
#....# #.[########............
####.# ##...#.W.....#.........
#.# ###..@##.####......... #.#
#..###.###....##...# #.##
##.>....#.....#....# #..##
#....#....#...#..#.# ##..##
#...##...........#[#
##..###.......#.....#...).
##...........##.......#.#
########.................###.#
#.............#.....[.........


You could see zervinho's ghost.

Vanquished Creatures
  The ghost of Peloso the Protected, a novice MiFi (D:6)
  Maurice (D:8)
  Psyche (D:8)
  A hippogriff (D:8)
  A human (D:7)
  A hungry ghost (D:8)
  2 steam dragons
  3 orc warriors
  4 sky beasts
  A black bear (D:6)
  A phantom (D:7)
  5 ogres
  2 centaurs
  A big kobold (D:8)
  5 giant frogs
  A wyvern zombie (D:9)
  A wyvern skeleton (D:8)
  A scorpion (D:7)
  10 killer bees
  4 howler monkeys (D:9)
  3 crimson imps
  7 orc priests
  3 hounds
  2 jellies
  4 orc wizards
  A centaur skeleton (D:6)
  A giant frog skeleton (D:6)
  Jessica (D:2)
  2 iguanas
  5 worker ants
  4 sheep (D:7)
  A hound zombie (D:7)
  A howler monkey zombie (D:7)
  12 adders
  2 shadow imps (D:7)
  3 oozes
  4 adder zombies
  2 adder skeletons
  4 worms
  3 giant geckos
  39 orcs
  9 bats
  7 giant cockroaches
  6 goblins
  4 hobgoblins
  19 kobolds
  3 quokkas
  2 ball pythons (D:1)
  A giant cockroach zombie (D:5)
  3 giant newts
  A quokka skeleton (D:6)
  12 rats
  A plant (D:2)
219 creatures vanquished.

Vanquished Creatures (others)
  An adder (D:8)
  3 plants (D:2)
4 creatures vanquished.

Grand Total: 223 creatures vanquished

Notes
Turn   | Place    | Note
--------------------------------------------------------------
     0 | D:1      | Peloso the Minotaur Fighter began the quest for the Orb.
     0 | D:1      | Reached XP level 1. HP: 19/19 MP: 0/0
    69 | D:1      | Reached XP level 2. HP: 23/27 MP: 1/1
   101 | D:1      | Reached skill level 4 in Shields
   219 | D:1      | Reached XP level 3. HP: 22/33 MP: 2/2
   518 | D:2      | Noticed Jessica
   522 | D:2      | Killed Jessica
   522 | D:2      | Reached skill level 1 in Dodging
   580 | D:2      | Reached XP level 4. HP: 40/40 MP: 3/3
  1010 | D:2      | Found an iron altar of Okawaru.
  1010 | D:2      | Found a shadowy altar of Dithmenos.
  1015 | D:2      | Became a worshipper of Warmaster Okawaru
  1603 | D:3      | Reached XP level 5. HP: 22/46 MP: 4/4
  1608 | D:3      | Reached skill level 5 in Shields
  2599 | D:4      | Got an iridescent war axe
  2954 | D:4      | Noticed an ogre
  2966 | D:4      | Reached XP level 6. HP: 53/53 MP: 5/5
  2970 | D:4      | Reached * piety under Okawaru
  2970 | D:4      | Reached skill level 5 in Armour
  3201 | D:4      | Found a white marble altar of Elyvilon.
  3313 | D:4      | Reached skill level 6 in Shields
  3591 | D:5      | Entered Level 5 of the Dungeon
  3750 | D:5      | Found a deep blue altar of Sif Muna.
  3879 | D:5      | Reached skill level 5 in Fighting
  3879 | D:5      | Reached XP level 7. HP: 48/61 MP: 6/6
  4124 | D:5      | HP: 2/61 [orc warrior/war axe (2)]
  4996 | D:6      | Reached skill level 1 in Stealth
  5000 | D:6      | Reached ** piety under Okawaru
  5255 | D:6      | Reached XP level 8. HP: 32/68 MP: 7/7
  5484 | D:6      | Reached skill level 5 in Long Blades
  5718 | D:6      | Noticed Peloso's ghost (novice MiFi)
  5764 | D:6      | Reached skill level 7 in Shields
  5951 | D:6      | Killed Peloso's ghost
  5951 | D:6      | Reached *** piety under Okawaru
  6122 | D:6      | Reached skill level 8 in Shields
  6127 | D:6      | Reached XP level 9. HP: 63/75 MP: 6/8
  6343 | D:7      | Noticed zervinho's ghost (novice FeBe)
  6944 | D:7      | Reached skill level 5 in Dodging
  7085 | D:7      | Reached skill level 9 in Shields
  7090 | D:7      | Reached skill level 1 in Invocations
  7104 | D:8      | Found a stormy altar of Qazlal.
  7104 | D:8      | Found an oddly glowing altar of Pakellas.
  7154 | D:8      | Noticed Psyche
  7163 | D:8      | Killed Psyche
  7181 | D:8      | Noticed Maurice
  7418 | D:8      | Reached **** piety under Okawaru
  7418 | D:8      | Reached skill level 10 in Shields
  7780 | D:8      | Reached XP level 10. HP: 72/86 MP: 9/9
  7934 | D:8      | Killed Maurice
  8574 | D:9      | Reached skill level 11 in Shields
  8610 | D:9      | Reached skill level 1 in Evocations
  8674 | D:9      | Reached skill level 10 in Armour
  8869 | D:9      | Found a sparkling altar of Nemelex Xobeh.
 10085 | D:7      | Mangled by zervinho's ghost

Skill      XL: |  1  2  3  4  5  6  7  8  9 10 |
---------------+-------------------------------+-----
Shields        | 4 5 6 8 10 11 | 11.2
Armour         | 4 5 6 8 9 10 | 10.1
Fighting       | 4 5 6 7 |  7.7
Long Blades    | 3 4 5 6 7 |  7.3
Dodging        | 1 2 3 4 5 |  5.3
Stealth        | 1 |  1.2
Invocations    | 1 |  1.7
Evocations     | 1 |  1.0

Action                   |  1- 3 |  4- 6 |  7- 9 | 10-12 || total
-------------------------+-------+-------+-------+-------++-------
Melee: Long sword        |    70 |   181 |   327 |   191 ||   769
       Headbutt          |    10 |    41 |    66 |    33 ||   150
       Unarmed           |       |       |     1 |       ||     1
Invok: Heroism           |       |       |    11 |     7 ||    18
Evoke: Wand              |       |     1 |       |     5 ||     6
  Use: Scroll            |       |    14 |     2 |       ||    16
       Potion            |       |       |     2 |       ||     2
  Eat: Bread ration      |       |     1 |       |       ||     1
       Chunk             |       |     4 |    13 |     2 ||    19
       Pizza             |       |       |     1 |       ||     1
       Fruit             |       |       |       |     6 ||     6
Armor: Scale mail        |    46 |    46 |       |       ||    92
       Chain mail        |       |    18 |    73 |       ||    91
       Plate armour      |       |       |    87 |    72 ||   159
Dodge: Dodged            |    31 |    53 |   110 |    43 ||   237
Block: Shield            |    54 |    84 |   230 |   146 ||   514
